 Dungeon Crawl Stone Soup version 0.22.0-49-gab54619 (webtiles) character file.

81 Kagorn the Skirmisher (level 4, -6/29 HPs)
             Began as a Gargoyle Berserker on Sept 6, 2018.
             Was a Follower of Trog.
             Mangled by Sigmund
             ... wielding a +0 scythe
              (7 damage)
             ... on level 2 of the Dungeon.
             The game lasted 00:08:04 (1404 turns).

Kagorn the Skirmisher (Gargoyle Berserker)          Turns: 1404, Time: 00:08:05

Health: -6/29      AC: 12    Str: 21    XL:     4   Next: 40%
Magic:  4/4        EV:  8    Int:  7    God:    Trog [*.....]
Gold:   62         SH:  0    Dex: 10    Spells: 3/3 levels left

rFire    . . .     SeeInvis .   a - +0 mace
rCold    . . .     Gourm    .   (no shield)
rNeg     + . .     Faith    .   l - +0 chain mail
rPois    ∞         Spirit   .   (no helmet)
rElec    +         Reflect  .   (no cloak)
rCorr    .         Harm     .   (no gloves)
MR       .....                  (no boots)
Stlth    ..........             (no amulet)
HPRegen  0.09/turn              (no ring)
MPRegen  0.09/turn              (no ring)

@: berserk cooldown, flying
A: negative energy resistance 1, electricity resistance, unbreathing,
petrification resistance, rot immunity, AC +3
a: Berserk, Renounce Religion


You were on level 2 of the Dungeon.
You worshipped Trog.
Trog was aware of your devotion.
You were not hungry.

You visited 1 branch of the dungeon, and saw 2 of its levels.

You collected 62 gold pieces.

Inventory:

Hand Weapons
 a - a +0 mace (weapon)
Missiles
 d - 46 stones (quivered)
 e - 17 sling bullets
Armour
 b - a +0 animal skin
 l - a +0 chain mail (worn)
Scrolls
 f - a scroll of enchant weapon {unknown}
 g - 2 scrolls of remove curse {unknown}
 i - a scroll of fog {unknown}
 j - a scroll of identify {unknown}
Comestibles
 c - 5 rations


   Skills:
 * Level 4.0 Fighting
 * Level 3.5 Maces & Flails
 * Level 3.1 Armour
 + Level 2.0 Dodging
 + Level 1.3 Stealth


You had 3 spell levels left.
You didn't know any spells.
Your spell library was empty.

Dungeon Overview and Level Annotations

Branches:
Dungeon (2/15)

Altars:
Okawaru
The Shining One

Annotations:
D:2 Sigmund


Innate Abilities, Weirdness & Mutations

You are resistant to torment.
Your stone body is resilient. (AC +3)
You are immune to poison.
You resist negative energy. (rN+)
You are resistant to electric shocks. (rElec)
You can survive without breathing.
You are immune to petrification.
You are immune to rotting.


Message History

You sock something! Something hits you but does no damage.
You barely miss something.
Something hits you but does no damage. x2
You barely miss something. Something hits you but does no damage.
You closely miss something. Something hits you.
* * * LOW HITPOINT WARNING * * *
You hit something.
You hear some strange, mumbled words.
A magic dart appears from out of thin air!
The magic dart hits you! Something hits you.
* * * LOW HITPOINT WARNING * * *
You closely miss something. Something hits you.
* * * LOW HITPOINT WARNING * * *
You closely miss something. Something hits you but does no damage.
You completely miss something. Something hits you.
* * * LOW HITPOINT WARNING * * *
Okay, then.
You sock something!
You feel yourself speed up. Something hits you!
You die...

#.... #.#'##.####.# #....
#.#..'.'..#.# #....#####
#.#..#.#..#.# ....K...#
#.####.##'#.# # ###......#
#...........# # .......{.#
#.####.##'#.# #
..$......#####.#..'.'..#.# #
.......((.K{.#.#..#)#..#.#
#########+######@#.#'##.####.#
..........# #.#...........#
..........# #.#.#'##.####.#
...÷......# #.#.#.†'.'..#.#
..†.......# #.# #..#.#..#.#
..........######.#.####.##'#.#
#'####...#.......#.......)...#
#.# #...'.....###.####.##'#.#
#.####...#.##.## #..'.'..#.#


You could see a kobold.

Vanquished Creatures
  Jessica (D:2)
  3 adders (D:2)
  2 worms (D:2)
  A dart slug (D:1)
  2 giant cockroaches (D:2)
  3 hobgoblins
  A ball python (D:2)
  2 bats (D:2)
  4 frilled lizards
  3 kobolds
  3 rats
25 creatures vanquished.

Notes
Turn   | Place    | Note
-------+----------+-------------------------------------------
     0 | D:1      | Kagorn the Gargoyle Berserker began the quest for the Orb.
     0 | D:1      | Reached XP level 1. HP: 14/14 MP: 1/1
   373 | D:1      | Reached XP level 2. HP: 12/19 MP: 2/2
   852 | D:2      | Noticed Jessica
   866 | D:2      | Killed Jessica
   866 | D:2      | Reached skill level 1 in Stealth
   866 | D:2      | Reached XP level 3. HP: 20/24 MP: 3/3
   936 | D:2      | Found a glowing golden altar of the Shining One.
   976 | D:2      | Found an iron altar of Okawaru.
  1031 | D:2      | Reached XP level 4. HP: 13/29 MP: 4/4
  1275 | D:2      | Reached skill level 4 in Fighting
  1370 | D:2      | Noticed Sigmund
  1403 | D:2      | HP: 1/29 [something (4)]
  1404 | D:2      | Mangled by Sigmund

Skill      XL: |  1  2  3  4 |
---------------+-------------+-----
Stealth        | 1 |  1.3
Armour         | 3 |  3.1
Fighting       | 4 |  4.0
Dodging        | 2 |  2.0
Maces & Flails | |  3.5

Action                   |  1- 3 |  4- 6 || total
-------------------------+-------+-------++-------
Melee: Mace              |    83 |    56 ||   139
  Use: Potion            |       |     2 ||     2
  Eat: Chunk             |       |     2 ||     2
Armor: Animal skin       |    21 |       ||    21
       Chain mail        |     9 |    71 ||    80
Dodge: Dodged            |    54 |    33 ||    87
